 Dungeon Crawl Stone Soup version 0.17.0-25-gefc9c12 (webtiles) character file.

16 4thArraOfDagon the Ducker (level 2, -1/12 HPs)
             Began as a Felid Ice Elementalist on Nov 18, 2015.
             Shot with a sling bullet by a goblin (7 damage)
             ... on level 2 of the Dungeon.
             The game lasted 00:01:40 (220 turns).

4thArraOfDagon the Ducker (Felid Ice Elementalist)   Turns: 220, Time: 00:01:40

Health: -1/12      AC:  1    Str:  4    XL:     2   Next: 37%
Magic:  2/6        EV: 18    Int: 16    God:
Gold:   19         SH:  0    Dex: 16    Spells: 1 memorised, 4 levels left
                                        Lives:  0   Deaths: 0

rFire  . . .     SeeInvis +       - Unarmed
rCold  . . .     Clarity  .     (armour unavailable)
rNeg   . . .     SustAt   .     (shield unavailable)
rPois  .         Gourm    .     (helmet unavailable)
rElec  .         Spirit   .     (cloak unavailable)
rCorr  .         Warding  .     (gloves unavailable)
rMut   .         Stasis   .     (boots unavailable)
MR     .....                    (no amulet)
Stlth  +++.......               (no ring)
                                (no ring)

@: quick, not resistant to hostile enchantments, fairly stealthy
A: no armour, no weapons or thrown items, claws 1, fangs 3, see invisible,
carnivore 3, speed 1, shaggy fur 1, slow metabolism 1, sharp paws
a: no special abilities


You were on level 2 of the Dungeon.
You were not hungry.

You visited 1 branch of the dungeon, and saw 2 of its levels.

You collected 19 gold pieces.

Inventory:

Scrolls
 c - a scroll of amnesia {unknown}
 e - a scroll of immolation {unknown}
 f - a scroll of identify {unknown}
Potions
 g - a potion of heal wounds {unknown}
Books
 a - a book of Frost

   Spells                             Type                      Level
   a - Freeze                         Ice                          1
   b - Throw Frost                    Conjuration/Ice              2
   c - Ozocubu's Armour               Charms/Ice                   3
   d - Throw Icicle                   Conjuration/Ice              4
   e - Summon Ice Beast               Ice/Summoning                4
   f - Condensation Shield            Ice                          4
Comestibles
 b - a meat ration
 d - a beef jerky


   Skills:
 + Level 0.4 Fighting
 + Level 3.1 Dodging
 - Level 2.6 Stealth
 * Level 1.6 Unarmed Combat
 - Level 2.0 Spellcasting
   Level 0.8 Conjurations
 - Level 2.6 Ice Magic


You had 4 spell levels left.
You knew the following spells:

 Your Spells              Type           Power        Failure   Level  Hunger
a - Freeze                Ice            ##..         10%         1    #......


Dungeon Overview and Level Annotations

Branches:
Dungeon (2/15)

Altars:


Innate Abilities, Weirdness & Mutations

You cannot wear armour.
You are incapable of wielding weapons or throwing items.
You have sharp claws.
You have razor-sharp teeth.
You have supernaturally acute eyesight.
You are carnivorous and can eat meat at any time.
You cover ground quickly.
You are covered in fur (AC +1).
You have a slow metabolism.
Your sharp claws are effective at attacking unaware monsters.


Message History

The sling bullet barely misses you.
Unknown command.
Unknown command.
Found 12 gold pieces.
Found a stone staircase leading down.
Unknown command.
Casting: Freeze
Confirm with . or Enter, or press ? or * to list all spells.
Aiming: Freeze
Press: ? - help, Shift-Dir - straight line, f - quokka
Aim: a quokka You freeze the quokka.
You kill the quokka!
Casting: Freeze
Confirm with . or Enter, or press ? or * to list all spells.
You can't see any susceptible monsters within range! (Use Z to cast anyway.) Unknown command.
The goblin shoots a sling bullet.
The sling bullet hits you!
Ouch! That really hurt!
You die...

### #.> ..### #.# #..l
.# ##.# #..#### .## ..#
#r.... .... #.######.#
#...# ....
.........#####...#
.....
#####.@......#####.....
#......##.#.g..#<).....
#.##...#...###.#......?
#.......# #.......g.
#...#...# ###..##.##
.........# ..#.g...
####..###$. ......#.
#..# .# ###.#.## #..#
.#.#


You could see a goblin.

Vanquished Creatures
  An ooze (D:1)
  A giant gecko (D:1)
  2 hobgoblins (D:1)
  A quokka (D:2)
  A ball python (D:1)
  A bat (D:1)
  2 kobolds (D:1)
  2 rats (D:1)
11 creatures vanquished.

Notes
Turn   | Place    | Note
--------------------------------------------------------------
     0 | D:1      | 4thArraOfDagon the Felid Ice Elementalist began the quest for the Orb.
     0 | D:1      | Reached XP level 1. HP: 7/7 MP: 4/4
    97 | D:1      | Reached skill level 1 in Unarmed Combat
   183 | D:1      | Reached skill level 3 in Dodging
   183 | D:1      | Reached XP level 2. HP: 4/12 MP: 3/6
   220 | D:2      | Shot with a sling bullet by a goblin

Action                   || total
-------------------------++-------
Melee: Unarmed           ||    12
 Cast: Freeze            ||    11
 Stab: Sleeping          ||     5
  Eat: Chunk             ||     1
